 Dungeon Crawl Stone Soup version 0.24.1-8-ga250c9d538 (webtiles) character file.

Game seed: 12357086416630625261, levelgen mode: deterministic

98 Lemonice the Poker (level 4, 0/34 HPs)
             Began as a Merfolk Skald on May 3, 2020.
             Slain by a leopard gecko (4 damage)
             ... on level 3 of the Dungeon.
             The game lasted 00:06:42 (2534 turns).

Lemonice the Poker (Merfolk Skald)                  Turns: 2534, Time: 00:06:43

Health: 0/34       AC:  3    Str: 12    XL:     4   Next: 71%
Magic:  6/7        EV: 13    Int: 12    God:
Gold:   115        SH:  0    Dex: 13    Spells: 2/7 levels left

rFire    . . .     SeeInvis .   a - +0 spear
rCold    . . .     Gourm    .   (no shield)
rNeg     . . .     Faith    .   b - +0 leather armour
rPois    .         Spirit   .   (no helmet)
rElec    .         Reflect  .   (no cloak)
rCorr    .         Harm     .   (no gloves)
MR       .....                  (no boots)
Stlth    +.........             (no amulet)
HPRegen  0.11/turn              (no ring)
MPRegen  0.10/turn              (no ring)

@: no status effects
A: change form in water, swift swim, stealthy swim
a: no special abilities


You were on level 3 of the Dungeon.
You were hungry.

You visited 1 branch of the dungeon, and saw 3 of its levels.

You collected 115 gold pieces.

Inventory:

Hand Weapons
 a - a +0 spear (weapon)
 n - a +0 trident
Armour
 b - a +0 leather armour (worn)
Jewellery
 c - an uncursed ring of stealth {unknown}
Wands
 o - a wand of iceblast (10)
Scrolls
 e - 2 scrolls of teleportation {unknown}
 h - 2 scrolls of enchant weapon {unknown}
 i - 2 scrolls of identify {unknown}
 k - a scroll of amnesia {unknown}
 l - a scroll of enchant armour {unknown}
Potions
 f - a potion of curing {unknown}
 g - a potion of agility {unknown}
 j - 3 potions of berserk rage {unknown}
 m - a potion of resistance {unknown}
 p - 2 potions of degeneration {unknown}
Comestibles
 d - 4 rations


   Skills:
 + Level 2.7 Fighting
 + Level 3.9 Polearms
 + Level 1.4 Armour
 + Level 3.5 Dodging
 + Level 1.2 Stealth
 + Level 2.2 Spellcasting
 + Level 3.8 Charms


You had 2 spell levels left.
You knew the following spells:

 Your Spells              Type           Power        Failure   Level  Hunger
a - Infusion              Chrm           ##..         7%          1    ##.....
b - Song of Slaying       Chrm           ##......     11%         2    ###....
c - Shroud of Golubria    Chrm/Tloc      #.....       24%         2    ###....

Your spell library contained the following spells:

 Spells                   Type           Power        Failure   Level  Hunger
 Regeneration             Chrm/Necr      #.........   43%         3    ####...
 Spectral Weapon          Hex/Chrm       #.......     43%         3    ####...


Dungeon Overview and Level Annotations

Branches:
Dungeon (3/15)

Altars:
Fedhas


Message History

The giant cockroach is heavily wounded.
The orc shouts!
The giant cockroach bites you but does no damage.
The frilled lizard hisses angrily.
You hit the giant cockroach.
You kill the giant cockroach!
You hear a shout!
An orc wizard comes into view. It is wielding a +0 dagger.
You closely miss the leopard gecko.
Your shroud unravels.
The leopard gecko bites you.
* * * LOW HITPOINT WARNING * * *
You barely miss the leopard gecko.
The orc wizard shouts!
You hear a shout!
The leopard gecko bites you.
* * * LOW HITPOINT WARNING * * *
The orc wizard gestures wildly while chanting.
The orc wizard blinks!
The leopard gecko bites you.
You die...

.......§.. #.(....
#...#..... .......
#......###l...... ###
#.#...l.......<.. . ...
##.#..g........... .
#.####.....#o####......
. #...#.>...##.# ...<.
.######........ll##
....
.....###....####@.###
##. . ##......###
#....#
.##.........####.##.##
.....................#
##....
#...#....##.##..######
#..... #.#......≈.≈.#.#
#.....####
.....##..≈≈..#.#
#.#.......
....###.≈_.....#
####.#.......
........≈≈≈...###
#....##......


You could see an orc, 2 leopard geckos, a goblin and a frilled lizard.

Vanquished Creatures
  4 adders
  A worm (D:2)
  2 dart slugs (D:1)
  A leopard gecko (D:1)
  An orc (D:3)
  5 ball pythons
  4 giant cockroaches
  8 goblins
  6 hobgoblins
  4 jackals (D:2)
  A quokka (D:3)
  4 bats
  6 frilled lizards
  3 kobolds
  A rat (D:1)
51 creatures vanquished.

Notes
Turn   | Place    | Note
-------+----------+-------------------------------------------
     0 | D:1      | Lemonice the Merfolk Skald began the quest for the Orb.
     0 | D:1      | Reached XP level 1. HP: 16/16 MP: 3/3
   488 | D:1      | Reached XP level 2. HP: 23/23 MP: 0/5
   850 | D:1      | Reached XP level 3. HP: 24/28 MP: 2/6
   853 | D:1      | Reached skill level 1 in Armour
  1700 | D:2      | Learned a level 2 spell: Song of Slaying
  1703 | D:2      | Learned a level 2 spell: Shroud of Golubria
  1830 | D:2      | Reached skill level 1 in Stealth
  1901 | D:2      | Reached XP level 4. HP: 23/34 MP: 3/7
  2446 | D:3      | Found a blossoming altar of Fedhas.
  2534 | D:3      | Slain by a leopard gecko

Levels and vault maps discovered:
D:1:      erik_arrival_cave_to_civilisation [erik_arrival_cave_to_hall],
          layout_basic, minmay_shallow_snake_nest
D:2:      layout_rooms
D:3:      layout_rooms, fedhas_altar_2, portal_sewer_entry_f, first_ration

Skill      XL: |  1  2  3 |
---------------+----------+-----
Armour         | 1 |  1.4
Dodging        | 3 |  3.5
Stealth        | 1 |  1.2
Fighting       | |  2.7
Polearms       | |  3.9
Spellcasting   | |  2.2
Charms         | |  3.8

Action                   |  1- 3 |  4- 6 || total
-------------------------+-------+-------++-------
Melee: Spear             |   141 |    95 ||   236
 Cast: Infusion          |     9 |     4 ||    13
       Shroud of Golubri |       |     2 ||     2
 Stab: Sleeping          |     1 |     2 ||     3
  Eat: Chunk             |     3 |     2 ||     5
Armor: Leather armour    |    35 |    16 ||    51
Dodge: Dodged            |    99 |    55 ||   154
